 Dungeon Crawl Stone Soup version 0.27-a0-92-g39ad13b146 (webtiles) character file.

Game seed: 2728566513291354567

65 knot the Chopper (level 3, -3/43 HPs)
             Began as a Demonspawn Berserker on Jan 16, 2021.
             Was a Believer of Trog.
             Slain by Terence
             ... wielding a +0 mace
              (7 damage)
             ... on level 2 of the Dungeon.
             The game lasted 00:01:02 (1332 turns).

knot the Chopper (Demonspawn Berserker)             Turns: 1332, Time: 00:01:03

Health: -3/43      AC:  2    Str: 17    XL:     3   Next: 94%
Magic:  3/3        EV: 12    Int:  9    God:    Trog [**....]
Gold:   83         SH:  0    Dex: 12    Spells: 2/2 levels left

rFire    . . .     SeeInvis .   i - +2 hand axe (vorpal)
rCold    . . .     Faith    .   (no shield)
rNeg     . . .     Spirit   .   b - +0 animal skin
rPois    .         Reflect  .   (helmet restricted)
rElec    .         Harm     .   (no cloak)
rCorr    .         Rampage  .   (no gloves)
Will     .....                  (no boots)
Stlth    ..........             (no amulet)
HPRegen  0.14/turn              (no ring)
MPRegen  0.08/turn              (no ring)

@: berserking (expiring), very quick
A: horns 1
a: Renounce Religion, Berserk, Trog's Hand


You were on level 2 of the Dungeon.
You worshipped Trog.
Trog was pleased with you.
You visited 1 branch of the dungeon, and saw 2 of its levels.

You collected 83 gold pieces.

Inventory:

Hand Weapons
 a - a +0 hand axe
 i - a +2 vorpal hand axe (weapon)
Missiles
 d - 42 stones
Armour
 b - a +0 animal skin (worn)
Scrolls
 c - 2 scrolls of identify {unknown}
 g - a scroll of fog {unknown}
 h - a scroll of enchant weapon {unknown}
 j - 4 scrolls of remove curse {unknown}
 k - a scroll of magic mapping {unknown}
 l - a scroll of teleportation {unknown}
Potions
 e - 2 potions of flight {unknown}
 f - a potion of mutation {unknown}
 m - a potion of ambrosia {unknown}
 n - a potion of degeneration {unknown}
 o - a potion of haste {unknown}


   Skills:
 - Level 3.0 Fighting
 + Level 4.4 Axes
 - Level 1.7 Armour
 - Level 1.7 Dodging


You had 2 spell levels left.
You didn't know any spells.
Your spell library was empty.

Dungeon Overview and Level Annotations

Branches:
Dungeon (2/15)

Altars:
Wu Jian

Annotations:
D:2 Natasha, Terence


Innate Abilities, Weirdness & Mutations

You have a pair of small horns on your head.


Message History

You barely miss Terence.
Terence is moderately wounded.
You hit the crimson imp. The crimson imp barely misses you.
Terence barely misses you.
You barely miss Terence. Your headbutt misses Terence.
Terence is moderately wounded.
You barely miss the crimson imp.
Natasha drinks a potion.
Natasha seems to grow stronger.
The crimson imp hits you.
* * * LOW HITPOINT WARNING * * *
You hit Terence. Your headbutt misses Terence.
Terence is heavily wounded.
You hit the crimson imp.
You kill the crimson imp!
Terence bares his teeth.
Terence hits you with a +0 mace.
* * * LOW HITPOINT WARNING * * *
You barely miss Terence.
Terence is heavily wounded.
You hit Natasha. Natasha closely misses you. Terence hits you with a +0 mace!
You die...

...._....................
...#.#...................
##....###..#.#.).....##..
#....# #..#.).#'#'#.# .
#....# #..#...#.# .#
###'## #..#'#'#.# # #.#
#........#
#.#####.......#
#............@#
########.....h@.....#
#.............
#.<...........
#.............
.....^...###.$.
...######## ... ... ..


You could see Terence and Natasha (strong).

Vanquished Creatures
  Jessica (D:2)
  3 dart slugs
  A leopard gecko (D:1)
  2 hobgoblins
  6 jackals (D:1)
  A ball python (D:1)
  3 bats (D:1)
  A frilled lizard (D:2)
  5 goblins
  7 kobolds
  3 rats
33 creatures vanquished.

Notes
Turn   | Place    | Note
-------+----------+-------------------------------------------
     0 | D:1      | knot the Demonspawn Berserker began the quest for the Orb.
     0 | D:1      | Reached XP level 1. HP: 18/18 MP: 1/1
   197 | D:1      | Reached skill level 3 in Axes
   261 | D:1      | Gained mutation: You have a pair of small horns on your
                  | head. [demonic ancestry]
   261 | D:1      | Reached XP level 2. HP: 18/24 MP: 2/2
  1005 | D:1      | Reached XP level 3. HP: 29/29 MP: 3/3
  1070 | D:2      | Noticed Jessica
  1073 | D:2      | Killed Jessica
  1074 | D:2      | Reached skill level 4 in Axes
  1079 | D:2      | Reached ** piety under Trog
  1280 | D:2      | Found an ornate altar of the Wu Jian Council.
  1320 | D:2      | Noticed Terence
  1322 | D:2      | Noticed Natasha
  1332 | D:2      | Slain by Terence

Illustrated notes

Levels and vault maps discovered:
D:1:      saegor_arrival_simple_d, layout_basic
D:2:      layout_basic, lemuel_crystal_altar, old_standard_altar,
          minmay_fountain_box, uniq_jessica, uniq_terence, uniq_natasha

Skill      XL: |  1  2  3 |
---------------+----------+-----
Axes           | 3 4 |  4.4
Fighting       | |  3.0
Armour         | |  1.7
Dodging        | |  1.7

Action                   || total
-------------------------++-------
Melee: Hand axe          ||    82
       Headbutt          ||     7
Invok: Berserk           ||     4
 Stab: Sleeping          ||     1
Armor: Animal skin       ||    12
Dodge: Dodged            ||    66

Table legend: (Time is in decaauts)
 A = Elapsed time spent in this place.
 B = Non-inter-level travel time spent in this place.
 C = Inter-level travel time spent in this place.
 D = Time resting spent in this place.
 E = Time spent auto-exploring this place.
 F = Levels seen in this place.
 G = Mean time per level.
                   A        B        C        D        E       F      G
               +--------+--------+--------+--------+--------+-----+--------+
         Total |   1374 |   1367 |      7 |    545 |    614 |   2 |  687.0 |
       Dungeon |   1374 |   1367 |      7 |    545 |    614 |   2 |  687.0 |
               +--------+--------+--------+--------+--------+-----+--------+

Top non-repeatable levels by time:
     D:1: 1100 daAuts
     D:2: 274 daAuts
